 Dungeon Crawl Stone Soup version 0.16-a0-3308-g116f5c4 (webtiles) character file.

44 PolkaDot the Caller (level 3, 0/28 HPs)
             Began as a Vampire Summoner on Dec 26, 2014.
             Slain by an adder (3 damage)
             ... on level 2 of the Dungeon.
             The game lasted 00:03:14 (1553 turns).

PolkaDot the Caller (Vampire Summoner)              Turns: 1553, Time: 00:03:14

Health: 0/28       AC:  2    Str:  7    XL:     3   Next: 39%
Magic:  2/6        EV: 12    Int: 18    God:
Gold:   68         SH:  0    Dex: 14    Spells: 3 memorised, 0 levels left

rFire  . . .     SeeInvis +     e - +0 short sword
rCold  . . .     Clarity  .     a - +0 robe
rNeg   + . .     SustAb   .     (no shield)
rPois  .         Gourm    .     (no helmet)
rElec  .         Spirit   .     (no cloak)
rCorr  .         Warding  .     (no gloves)
rMut   .         Stasis   .     (no boots)
MR     .....                    (no amulet)
Stlth  ++........               (no ring)
                                (no ring)

@: lethally poisoned, not resistant to hostile enchantments, unstealthy
A: bottle blood, fangs 3, see invisible, unbreathing
a: Bat Form


You were on level 2 of the Dungeon.
You were not thirsty.

You visited 1 branch of the dungeon, and saw 2 of its levels.

You collected 68 gold pieces.

Inventory:

Hand weapons
 e - a +0 short sword (weapon)
Armour
 a - a +0 robe (worn)
Scrolls
 c - 3 scrolls of noise {unknown}
 f - a scroll of enchant weapon {unknown}
 g - a scroll of enchant armour {unknown}
 j - a scroll of remove curse {unknown}
 l - a scroll of random uselessness {unknown}
Potions
 d - a potion of restore abilities
Books
 b - a book of Callings

   Spells                             Type                      Level
   a - Summon Small Mammal            Summoning                    1
   b - Call Imp                       Summoning                    2
   c - Call Canine Familiar           Summoning                    3
   d - Summon Guardian Golem          Hexes/Summoning              4
   e - Summon Lightning Spire         Summoning/Air                4
   f - Summon Ice Beast               Ice/Summoning                4


   Skills:
 * Level 2.3 Fighting
 - Level 2.1 Dodging
 - Level 3.0 Stealth
 - Level 2.0 Spellcasting
 + Level 4.3 Summonings


You couldn't memorise any spells.
You knew the following spells:

 Your Spells              Type           Power        Failure   Level  Hunger
d - Call Canine Familiar  Summ           ###.....     12%         3    ###....
s - Call Imp              Summ           ###.....     6%          2    ###....
z - Summon Small Mammal   Summ           ###.         3%          1    #......


Dungeon Overview and Level Annotations

Branches:
Dungeon (2/15)

Altars:

Annotations:
D:2 Ijyb


Innate Abilities, Weirdness & Mutations

You can bottle blood from corpses.
You have razor-sharp teeth.
You have supernaturally acute eyesight.
You can survive without breathing.


Message History

The adder bites you.
* * * LOW HITPOINT WARNING * * *
Drink which item? (? for menu, Esc to quit)
It was a potion of cancellation.
You feel magically purged. The adder misses you.
Your crimson imp hits Ijyb.
Drink which item? (? for menu, Esc to quit)
It was a potion of poison.
That liquid tasted very nasty...
You are lethally poisoned!
* * * LOW HITPOINT WARNING * * *
You feel sick. The adder completely misses you.
Ijyb hits your crimson imp with a club. The adder bites you.
* * * LOW HITPOINT WARNING * * *
You are more poisoned.
The adder poisons you!
Your crimson imp misses Ijyb.
Drink which item? (? for menu, Esc to quit)
It was a potion of cure mutation.
It has a very clean taste.
* * * LOW HITPOINT WARNING * * *
You feel sick. Ijyb barely misses your crimson imp. The adder bites you.
You die...

..........#..†......## ##.
..#.<.....[..........###
..#..............###...#
............####....##.###
#..#..(......###.##..#...#
..........##......##..##.#.#
..#.##............###......#
.................5.........#
............###.@5#####....#
................#Sg# .#...#
............######.#.####.#..
.................g........#
...#........##....g.......
..##........###..........#
............# #..........#
.##......#### #..........
..#......#### #.........


You could see Ijyb, an adder, a friendly iron imp and a friendly crimson imp.

Vanquished Creatures
  An adder (D:2)
  An ooze (D:1)
  4 giant cockroaches
  4 hobgoblins
  4 kobolds (D:1)
  3 bats
  A giant newt (D:2)
  3 goblins (D:1)
  4 rats
25 creatures vanquished.

Vanquished Creatures (collateral kills)
  A giant mite (D:2)
  A worm (D:2)
  A bat (D:2)
3 creatures vanquished.

Vanquished Creatures (others)
  A bat (D:1)
1 creature vanquished.

Grand Total: 29 creatures vanquished

Notes
Turn   | Place    | Note
--------------------------------------------------------------
     0 | D:1      | PolkaDot, the Vampire Summoner, began the quest for the Orb.
     0 | D:1      | Reached XP level 1. HP: 13/13 MP: 3/3
   292 | D:1      | Reached skill level 1 in Fighting
   349 | D:1      | Reached XP level 2. HP: 19/21 MP: 4/4
   353 | D:1      | Learned a level 2 spell: Call Imp
  1129 | D:2      | Reached XP level 3. HP: 19/27 MP: 0/6
  1198 | D:2      | Learned a level 3 spell: Call Canine Familiar
  1538 | D:2      | Noticed Ijyb
  1553 | D:2      | Slain by an adder

Action                   || total
-------------------------++-------
Melee: Short sword       ||    88
       Unarmed           ||     7
 Cast: Summon Small Mamm ||     4
       Call Imp          ||    10
  Use: Potion            ||     6
 Stab: Sleeping          ||     4
       Distracted        ||     2
  Eat: Corpse            ||     5
